cohdb
Replays
Latest Replays
All Replays
Popular Replays
Top Player Replays
Match Explorer
How It Works
Community
CoH3 Stats
Reddit
Sign in to upload your games and track your stats! →
Sign in with Steam
Match 29439480
Unlisted
Match 29439480
Overview
Messages
Build Orders
End
Pioneer Squad
Construct Infanterie Kompanie
Grenadier Squad
Grenadier Squad
Grenadier Squad
Construct Luftwaffe Kompanie
Construct Luftwaffe Kompanie
221 Scout Car
Medical Bunker
Flak 30 Anti-aircraft Gun Team
Selects Mechanized Battlegroup
Selects Raid Package
Selects 8 Rad Armored Car
8 Rad Armored Car
Luftwaffe Officer Quarters
MG 42 Machine Gun Team
Selects Spotting Scopes
Jäger Squad
Construct Panzer Kompanie
Selects UNKNOWN (2160084)
Selects Wespe Self-propelled Artillery
Panther Heavy Tank
⚓️Ruby⚓
HulkSMASH
aSIIAnthrax
aSIIFocus
0
0
Comments
sign in to comment!
No comments posted yet!